AoeStats
← 啊超

Black Forest

503184650Analyzed
4v4 RM · 1mo ago on Aug 30, 2026· 43m 46s· 8 players
Game mode
Random Map
Map size
Large (8 player)
Population
200
Speed
Normal
Resources
Standard
Victory
Conquest
Starting age
Dark Age
Ending age
Imperial Age
RankedLock teamsTeams togetherTeam positionsShared explorationLock speedFull tech treeHidden civsTurbo modeCheats
Victory
Defeat
🇧🇪 Spanish · Belgium
1122
+16
🇪🇸 Khmer · Spain
1121
+16
🇩🇪 Saracens · Germany
1111
+17
🇪🇸 Turks · Spain
1067
+19
🇨🇳 Hindustanis · China
1172
-19
🇨🇳 Mongols · China
1143
-18
🇨🇳 Bohemians · China
1129
-17
🇺🇸 Britons · United States
1083
-15
sassanas
1:08 Loom
17:09 Feudal Age
20:40 Double-Bit Axe
25:11 Castle Age
23:48 Stone Mining
23:51 Gold Mining
23:56 Fletching
24:06 Padded Archer Armor
27:15 Wheelbarrow
26:26 Town Watch
28:19 Bow Saw
31:58 Horse Collar
33:23 Heavy Plow
35:14 Bodkin Arrow
39:10 Imperial Age
37:03 Hand Cart
37:29 Leather Archer Armor
36:38 Elite Skirmisher
38:28 Bloodlines
38:19 Husbandry
39:10 Thumb Ring
40:19 Conscription
39:38 Elite Conquistador
41:33 Hoardings
41:43 Caravan
43:04 Ring Archer Armor
43:39 Chemistry
42:59 Ballistics
42:35 Murder Holes
Jota
10:45 Feudal Age
11:20 Loom
14:09 Castle Age
19:26 Double-Bit Axe
21:27 Bow Saw
23:27 Horse Collar
24:26 Scale Barding Armor
25:12 Wheelbarrow
24:26 Town Watch
25:44 Bloodlines
26:28 Chain Barding Armor
26:30 Heavy Plow
27:53 Forging
27:55 Husbandry
28:37 Hand Cart
29:02 Gold Mining
35:27 Imperial Age
34:42 Iron Casting
35:09 Gold Shaft Mining
34:24 Stone Mining
36:04 Tusk Swords
37:00 Plate Barding Armor
37:46 Blast Furnace
37:10 Conscription
38:28 Elite Battle Elephant
40:15 Town Patrol
40:59 Light Cavalry
41:48 Hussar
Suuuuzie
11:26 Feudal Age
15:57 Castle Age
14:35 Double-Bit Axe
21:12 Bow Saw
23:40 Horse Collar
26:11 Heavy Plow
26:16 Stone Mining
27:28 Loom
28:18 Wheelbarrow
30:47 Imperial Age
29:55 Scale Barding Armor
30:00 Forging
30:45 Hand Cart
30:15 Town Watch
31:15 Elite Mameluke
32:24 Chain Barding Armor
32:40 Iron Casting
33:07 Iron Casting
33:42 Husbandry
33:55 Bloodlines
34:32 Plate Barding Armor
34:03 Caravan
35:51 Chemistry
36:08 Blast Furnace
35:35 Town Patrol
39:45 Conscription
39:26 Fletching
39:31 Gold Mining
41:39 Siege Engineers
Iker
12:11 Feudal Age
17:01 Castle Age
21:38 Imperial Age
lostRiver
1:18 Loom
15:49 Feudal Age
16:51 Double-Bit Axe
16:47 Horse Collar
19:33 Castle Age
21:04 Wheelbarrow
21:39 Bow Saw
32:38 Imperial Age
29:56 Town Watch
30:27 Heavy Plow
30:34 Gold Mining
30:35 Stone Mining
30:37 Fletching
31:10 Ballistics
31:08 Padded Archer Armor
31:41 Hand Cart
32:17 Gold Shaft Mining
33:08 Coinage
33:21 Stone Shaft Mining
32:45 Bodkin Arrow
33:48 Parthian Tactics
34:13 Conscription
34:06 Bloodlines
33:57 Husbandry
34:05 Bracer
35:44 Chemistry
34:55 Masonry
35:31 Leather Archer Armor
35:23 Thumb Ring
35:15 Murder Holes
35:53 Elite Mangudai
37:18 Banking
37:11 Scale Barding Armor
37:33 Forging
38:48 Hoardings
37:57 Light Cavalry
39:30 Fortified Wall
39:26 Siege Engineers
39:27 Hussar
41:49 Chain Barding Armor
42:05 Iron Casting
camneale0
0:51 Loom
12:01 Feudal Age
17:47 Castle Age
18:43 Double-Bit Axe
18:39 Horse Collar
22:51 Wheelbarrow
22:30 Bow Saw
24:49 Crossbowman
25:43 Fletching
29:43 Bodkin Arrow
啊超
10:59 Feudal Age
15:37 Castle Age
14:55 Double-Bit Axe
14:52 Horse Collar
16:29 Loom
30:16 Imperial Age
28:45 Forging
28:40 Scale Barding Armor
30:07 Bloodlines
29:59 Husbandry
30:26 Heavy Camel Rider
30:40 Elite Skirmisher
32:07 Chain Barding Armor
33:45 Iron Casting
38:16 Chemistry
40:13 Fletching
40:24 Padded Archer Armor
41:46 Bodkin Arrow
43:10 Ballistics
43:10 Leather Archer Armor
虐菜好好玩
0:46 Loom
16:41 Feudal Age
21:35 Castle Age
20:12 Double-Bit Axe
20:12 Horse Collar
28:38 Bow Saw
29:44 Fortified Wall
35:16 Imperial Age
35:03 Chemistry
34:29 Masonry
35:05 Wheelbarrow
34:41 Heavy Plow
37:22 Pikeman
37:32 Pikeman
38:15 Squires
38:45 Forging
38:36 Scale Mail Armor
38:39 Halberdier
40:23 Iron Casting
40:58 Siege Engineers
41:40 Conscription
42:08 Chain Mail Armor
42:54 Blast Furnace
42:48 Wagenburg Tactics
Connection lost

Rejoining the realm…

Still unreachable

The connection could not be restored.

Session expired

The server has moved on; the page needs a fresh start.